Map: Hielo y cromo EJ

Players

Leavage - Winner!

  • Race: Terran Terran
  • League: Platinum
  • Spawn Location: 7:00

IA (Más difícil) 1

  • Race: Protoss Protoss
  • Spawn Location: 1:00

VOD

Have the link to the VOD?

Description

Time

  • Played on: Sept. 1, 2020, 6:50 p.m.
  • Length: 12:48
Show
View Real Time Build Order
Export as new Build Order

Leavage Terran - Winner!

Build Orders: Reaper Expand 

Get SALT Encoding   

  12  0:00  SCV  
  13  0:12  SCV  
  14  0:17  Supply Depot  
  14  0:24  SCV  
  15  0:39  SCV  
  15  0:40  Barracks  
  16  0:46  Refinery  
  16  0:51  SCV  
  17  1:03  SCV  
  18  1:15  SCV  
  19  1:29  Reaper  
  19  1:30  Orbital Command  
  20  1:42  Command Center  
  20  1:52  Supply Depot  
  20  1:58  SCV  
  20  2:01  Marine  
  22  2:10  SCV  
  23  2:15  Factory  
  23  2:21  Refinery  
  23  2:26  Barracks Reactor  
  23  2:30  SCV  
  23  2:33  Bunker  
  24  2:42  SCV  
  25  2:54  SCV  
  25  2:56  Orbital Command  
  26  2:59  Starport  
  26  3:01  Widow Mine  
  28  3:06  Marine, SCV  
  28  3:07  Marine  
  31  3:19  SCV  
  32  3:21  SCV  
  32  3:24  Marine  
  32  3:25  Marine  
  35  3:28  Widow Mine  
  37  3:36  SCV x2  
  37  3:39  Medivac, Supply Depot  
  41  3:42  Marine  
  41  3:43  Marine  
  41  3:48  SCV x2  
  45  3:59  Marine  
  45  4:00  Marine, SCV  
  45  4:01  Widow Mine  
  50  4:04  SCV  
  50  4:09  Supply Depot  
  51  4:12  SCV, Starport Tech Lab  
  51  4:16  SCV  
  53  4:17  Marine  
  54  4:28  Barracks  
  54  4:31  Marine, SCV, Barracks  
  56  4:33  SCV  
  56  4:37  Raven  
  59  4:41  Refinery  
  59  4:42  Engineering Bay  
  59  4:43  Marine, SCV  
  59  4:45  SCV, Factory Tech Lab  
  62  4:52  Supply Depot  
  62  4:55  Marine  
  62  4:56  SCV  
  62  4:57  SCV  
  65  5:04  Marine  
  65  5:05  Siege Tank  
  69  5:08  SCV  
  69  5:13  Marine, SCV  
  72  5:23  Marine, SCV  
  72  5:25  SCV  
  75  5:35  Barracks Tech Lab  
  75  5:36  Stimpack  
  75  5:37  Marauder  
  75  5:38  Starport Reactor  
  75  5:41  Terran Infantry Weapons Level 1  
  75  5:42  SCV  
  78  5:52  Supply Depot  
  78  5:57  Supply Depot  
  78  5:59  Marine x2, Combat Shield  
  78  6:00  Marauder x2  
  78  6:01  SCV  
  85  6:07  Command Center  
  85  6:08  SCV, Refinery  
  86  6:14  SCV, Widow Mine  
  86  6:17  Medivac, Marine  
  92  6:21  Marauder x2  
  92  6:25  SCV  
  97  6:26  SCV  
  97  6:29  Marine  
  99  6:37  SCV  
  100  6:40  Barracks  
  100  6:42  Marauder  
  100  6:44  Barracks, Factory Reactor  
  102  7:03  Supply Depot  
  102  7:19  Marine x2, Medivac, SCV x2, Marauder x2  
  112  7:23  Medivac  
  114  7:32  Starport  
  114  7:36  SCV  
  114  7:37  Marine x3  
  115  7:41  Marauder x2  
  122  7:49  Medivac  
  124  7:57  Marine  
  125  8:00  Marine  
  125  8:01  Marine  
  125  8:03  Marine, Marauder  
  125  8:04  Marauder  
  125  8:05  Marauder  
  123  8:09  SCV x2  
  123  8:10  Orbital Command  
  123  8:14  Marine  
  123  8:17  Marine  
  125  8:21  Terran Infantry Armor Level 1  
  125  8:23  Armory  
  125  8:25  Engineering Bay  
  125  8:39  Marine  
  125  8:40  Marine  
  125  8:42  Marine  
  125  8:44  Marine  
  125  8:45  Marine  
  125  8:46  Marine  
  125  8:54  Command Center  
  125  8:56  Refinery x2  
  125  9:22  Factory Reactor  
  125  9:24  SCV  
  125  9:25  SCV  
  125  9:26  Marine  
  125  9:28  Supply Depot  
  125  9:30  Supply Depot  
  125  9:39  Marine x2  
  125  9:49  Marine x2, Medivac, SCV x2  
  125  9:50  SCV, Marauder  
  125  9:51  Marine, Medivac x2  
  125  9:52  Marauder  
  140  9:57  Marine  
  141  10:05  Marine, SCV  
  143  10:07  Marine x2, Supply Depot  
  143  10:09  Marauder  
  143  10:11  Marauder  
  143  10:13  Marauder  
  151  10:31  Marauder  
  151  10:32  Marauder  
  151  10:34  Marauder  
Show
View Real Time Build Order
Export as new Build Order

IA (Más difícil) 1 Protoss 

Build Orders: 1 Gate Expand 

Get SALT Encoding   

  12  0:00  Probe  
  13  0:13  Probe  
  14  0:19  Pylon  
  14  0:25  Probe  
  15  0:34  Probe  
  15  0:42  Probe  
  17  0:51  Gateway  
  17  1:08  Probe  
  17  1:10  Nexus  
  18  1:30  Pylon  
  18  1:31  Assimilator  
  18  1:40  Zealot  
  18  1:42  Cybernetics Core, Probe  
  21  1:55  Probe  
  22  2:07  Gateway  
  22  2:08  Stalker, Probe  
  23  2:14  Assimilator  
  23  2:21  Pylon  
  23  2:22  Probe  
  26  2:35  Probe  
  26  2:36  Adept  
  27  2:40  Warp Gate  
  29  2:47  Probe  
  29  2:50  Probe  
  29  2:51  Zealot  
  33  2:59  Probe  
  33  3:02  Probe  
  35  3:10  Gateway  
  35  3:11  Probe  
  35  3:12  Stalker  
  36  3:14  Probe  
  37  3:23  Probe  
  40  3:34  Stalker  
  42  3:47  Sentry  
  44  3:49  Assimilator  
  44  3:52  Assimilator  
  44  3:57  Probe  
  44  3:58  Pylon  
  44  4:02  Robotics Facility  
  45  4:07  Probe  
  45  4:09  Probe  
  47  4:17  Forge  
  47  4:19  Probe  
  48  4:25  Probe  
  49  4:31  Probe  
  49  4:33  Probe  
  49  4:36  Protoss Ground Armor Level 1  
  51  4:43  Probe  
  52  4:48  Pylon, Probe  
  52  4:49  Immortal  
  57  4:55  Probe  
  58  5:00  Zealot, Probe  
  61  5:07  Probe  
  61  5:11  Pylon  
  61  5:12  Probe  
  61  5:13  Zealot  
  65  5:20  Probe  
  56  5:23  Probe  
  56  5:25  Zealot  
  56  5:28  Observer  
  60  5:31  Probe  
  60  5:32  Probe  
  62  5:37  Stalker  
  62  5:41  Probe  
  64  5:44  Probe  
  64  5:49  Stalker  
  68  5:53  Probe  
  68  5:56  Pylon, Probe  
  70  6:01  Stalker  
  72  6:05  Probe  
  72  6:06  Twilight Council  
  73  6:12  Probe  
  73  6:17  Probe  
  75  6:21  Stalker  
  75  6:25  Probe  
  78  6:29  Pylon, Probe  
  79  6:33  Sentry, Protoss Ground Weapons Level 1  
  79  6:34  Blink  
  79  6:37  Probe  
  82  6:45  Sentry  
  82  6:47  Probe  
  85  6:48  Pylon  
  85  6:49  Probe  
  86  6:57  Adept  
  86  6:59  Probe  
  86  7:01  Probe  
  90  7:06  Observer  
  91  7:12  Pylon  
  91  7:15  Photon Cannon  
  91  7:19  Immortal  
  91  7:20  Photon Cannon  
  91  7:29  Pylon  
  95  7:31  Pylon  
  95  7:33  Stargate  
  95  7:37  Forge  
  95  7:43  Pylon  
  95  7:57  Immortal  
  99  8:04  Photon Cannon  
  73  8:06  Zealot  
  61  8:18  Stalker  
  61  8:19  Stalker  
  65  8:27  Stalker  
  67  8:32  Probe  
  60  8:34  Probe  
  60  8:36  Immortal  
  60  8:41  Stalker  
  60  8:44  Probe  
  53  8:53  Sentry  
  42  9:01  Zealot  
  39  9:09  Zealot  
  39  9:11  Nexus  
  37  9:17  Zealot  
  38  9:25  Sentry  
  31  9:33  Zealot  
  31  9:38  Pylon  
  33  9:41  Stalker  
  34  9:48  Zealot  
  34  9:52  Zealot  
  30  9:53  Zealot  
  23  10:01  Stalker  
  23  10:06  Probe  
  18  10:12  Zealot  
  13  10:18  Probe  
Tags
 
Add a new tag
Caveats
  • Supply blocks, unpowered buildings, or Contaminate may cause inaccurate times.
  • Supply counts are checked every 10 seconds.